 Dungeon Crawl Stone Soup version 0.29-a0-553-g81b289dbe5 (webtiles) character file.

Game seed: 9789919542977153654

7721 zazu2006 the Covert (level 11, -2/120 (139) HPs)
             Began as a Naga Hedge Wizard on June 6, 2022.
             Was an Initiate of Vehumet.
             Slain by Maggie
             ... wielding a +5 scimitar of venom
              (11 damage)
             ... on level 9 of the Dungeon on June 7, 2022.
             The game lasted 00:30:51 (12880 turns).

zazu2006 the Covert (Naga Hedge Wizard)            Turns: 12880, Time: 00:30:52

HP:   -2/120 (139)  AC: 25    Str: 14    XL:     11   Next: 19%
MP:   28/32         EV:  1    Int: 18    God:    Vehumet [......]
Gold: 456           SH:  0    Dex: 16    Spells: 18/27 levels left

rFire   . . .      SeeInvis +   R - +2 dagger (venom)
rCold   . . .      Faith    .   (no shield)
rNeg    . . .      Spirit   .   (body armour currently unavailable)
rPois   +          Reflect  .   (helmet currently unavailable)
rElec   .          Harm     .   (cloak currently unavailable)
rCorr   .          Rampage  .   (gloves currently unavailable)
Will    +....      NoTele   +   (no barding)
Stlth   +++++.....              J - amulet of regeneration
HPRegen 1.10/turn               b - ring of magical power
MPRegen 0.23/turn               x - +6 ring of dexterity

@: mighty, tree-form, attractive, heavily drained
A: stationary, stasis, torment immunity, boosted hp, AC +3, large, see
invisible, (deformed body), (poison resistance), (slowness 2), spit poison 1,
(naga tail 1)
a: Spit Poison, Renounce Religion


You were on level 9 of the Dungeon.
You worshipped Vehumet.
Vehumet was noncommittal.
You were a tree.
You visited 2 branches of the dungeon, and saw 10 of its levels.

You collected 495 gold pieces.
You spent 39 gold pieces at shops.

Inventory:

Hand Weapons
 H - a +1 falchion of protection
 Q - a +2 falchion
 R - a +2 dagger of venom (weapon)
Armour
 a - a +0 cloak (melded)
 c - a +0 hat (melded)
 w - the +1 robe of the Shining Light (melded) {Will+ rCorr}
   (You found it on level 3 of the Dungeon)

   rCorr:     It protects you from acid and corrosion.
   Will:      It increases your willpower.
 E - a +0 barding (melded)
Magical Staves
 j - a staff of conjuration
Jewellery
 b - a ring of magical power (left branch)
 x - a +6 ring of dexterity (right branch)
 y - the ring of the Mantidfly {rC++ Str-4 Int+6}
   (You found it on level 4 of the Dungeon)

   [ring of intelligence]

   Str:       It affects your strength (-4).
   Int:       It affects your intelligence (+6).
   rC:        It greatly protects you from cold.
 D - the ring of Cuakhec {rF- Str+8 Int+6 Dex+4 Stlth-}
   (You found it on level 5 of the Dungeon)

   [ring of intelligence]

   Str:       It affects your strength (+8).
   Int:       It affects your intelligence (+6).
   Dex:       It affects your dexterity (+4).
   rF:        It makes you vulnerable to fire.
   Stlth:     It makes you less stealthy.
 J - an amulet of regeneration (around neck)
 L - a +4 ring of evasion
Wands
 l - a wand of iceblast (8)
 C - a wand of digging (6)
 M - a wand of polymorph (7)
 O - a wand of flame (18)
 S - a wand of paralysis (1)
Scrolls
 e - 9 scrolls of blinking
 f - 7 scrolls of identify
 g - 9 scrolls of teleportation {unknown}
 h - 2 scrolls of enchant weapon {unknown}
 o - 4 scrolls of brand weapon
 s - a scroll of immolation {unknown}
 u - a scroll of enchant armour {unknown}
 z - 3 scrolls of poison {unknown}
 B - 2 scrolls of amnesia {unknown}
 G - 2 scrolls of fear {unknown}
 K - a scroll of silence {unknown}
 P - a scroll of acquirement {unknown}
Potions
 d - 3 potions of magic
 i - 2 potions of lignification
 m - 4 potions of flight
 n - a potion of haste
 p - 2 potions of brilliance
 q - a potion of cancellation
 r - a potion of attraction
 t - a potion of heal wounds {unknown}
 v - a potion of resistance
 A - a potion of might
 F - a potion of ambrosia {unknown}
 I - a potion of berserk rage {unknown}
 N - a potion of invisibility {unknown}


   Skills:
 + Level 4.9 Fighting
 + Level 5.5 Dodging
 + Level 11.8 Stealth
 + Level 8.6 Spellcasting
 + Level 7.4 Conjurations
 + Level 1.0 Summonings
 + Level 1.2 Translocations
 + Level 1.3 Fire Magic
 + Level 3.8 Air Magic
 + Level 4.4 Poison Magic
 + Level 1.4 Evocations


You had 18 spell levels left.
You knew the following spells:

 Your Spells              Type           Power      Damage    Failure   Level
a - Magic Dart            Conj           100%       1d8       1%          1
b - Mephitic Cloud        Conj/Pois/Air  26%        N/A       3%          3
c - Conjure Flame         Conj/Fire      23%        6-21      4%          3
d - Blink                 Tloc           24%        N/A       9%          2

Your spell library contained the following spells:

 Spells                   Type           Power      Damage    Failure   Level
 Dazzling Flash           Conj/Hex       42%        N/A       6%          3
 Call Imp                 Summ           11%        N/A       9%          2
 Slow                     Hex            28%        N/A       10%         1
 Iskenderun's Mystic Bla  Conj/Tloc      23%        2d6       16%         4
 Confusing Touch          Hex            7%         N/A       28%         3
 Vampiric Draining        Necr           7%         2d6       28%         3
 Summon Ice Beast         Ice/Summ       9%         N/A       58%         4
 Summon Mana Viper        Hex/Summ       9%         N/A       91%         5
 Starburst                Conj/Fire      11%        6d5       93%         6
 Monstrous Menagerie      Summ           5%         N/A       100%        7


Dungeon Overview and Level Annotations

Branches:
Dungeon (9/15)             Temple (1/1) D:6            Lair (0/6) D:9
    Orc: D:9-12

Altars:
Ashenzari
Cheibriados
Dithmenos
Elyvilon
Fedhas
Gozag
Hepliaklqana
Kikubaaqudgha
Makhleb
Nemelex Xobeh
Okawaru
Qazlal
Ru
Trog
Uskayaw
Vehumet
Wu Jian
Xom
Yredelemnul
Zin
The Shining One

Shops:
D:3 [   D:6 *

Annotations:
D:9 Maggie


Innate Abilities, Weirdness & Mutations

You are a tree.
Your roots penetrate the ground, keeping you stationary.
You cannot be teleported.
You are immune to unholy pain and torment.
Your maximum health is greatly increased.
Your equipment is partially melded.
((Your serpentine skin is tough. (AC +3)))
You have supernaturally acute eyesight. (SInv)
((Armour fits poorly on your strangely shaped body.))
((Your system is resistant to poisons. (rPois)))
((You cover ground very slowly.))
You can spit poison.
((You have a snake-like lower body.))


Message History

You feel drained. Maggie is attracted toward you.
Casting: Blink (safe; 9% risk of failure)
Confirm with . or Enter, or press ? or * to list all spells.
Aiming: Magic Dart (safe; 1% risk of failure)
Press: ? - help, Shift-Dir - straight line, f/p - wight
Aim: a wight, wielding a +0 great sword and wearing a +0 robe (100% to hit)
The magic dart hits the wight.
The wight is lightly damaged.
Maggie shouts!
The wight hits you with a +0 great sword!
* * * LOW HITPOINT WARNING * * *
Unknown command.
Aiming: Iceblast
Press: ? - help, Shift-Dir - straight line, p - wight The mass of ice explodes!
The iceblast engulfs Maggie.
Maggie is severely wounded.
The iceblast engulfs the wight!
The wight partially resists.
The wight is severely damaged.
The wight hits you but does no damage.
Unknown command.
Unknown command.
Aiming: Iceblast
Press: ? - help, Shift-Dir - straight line The mass of ice explodes!
The iceblast engulfs Maggie!
Maggie is almost dead.
The wight hits you with a +0 great sword!
* * * LOW HITPOINT WARNING * * *
You feel drained.
* * * LOW HITPOINT WARNING * * *
Maggie hits you with a +5 scimitar of venom!
* * * LOW HITPOINT WARNING * * *
You are lethally poisoned!
Unknown command.
Unknown command.
Okay, then.
You feel better.
The wight hits you with a +0 great sword.
* * * LOW HITPOINT WARNING * * *
Maggie hits you with a +5 scimitar of venom!
You die...

# #. .# ..# # ###.####z#...#
.....#@.....## #.#
#####.#.#.......# ..#
........'.......+ ###.
#####.#.#.......# ....
....>...######### ###.
........##########
###..#########.z♣........
...............@.#######.#
##########..##.....# #.#
.............#.....# #.#
############.#.....# #.#
############.#.....# #.#
#....#..##.#..##..## #)#
.##..#..##.##.##..######.########
.##....##...#..#................#


You could see Maggie and a wight.

Vanquished Creatures
  2 two-headed ogres (D:9)
  A komodo dragon (D:8)
  A troll (D:9)
  2 hornets (D:9)
  A yak (D:9)
  3 wyverns
  Grum (D:8)
  2 steam dragons
  A human (D:3)
  2 water moccasins
  An ice beast (D:6)
  Pargi (D:3)
  A black bear (D:7)
  An ogre (D:4)
  3 centaurs
  A phantom (D:5)
  3 wolves (D:8)
  4 kobold brigands (D:9)
  5 bullfrogs
  2 necrophages (D:6)
  A gnoll sergeant (D:6)
  2 scorpions
  12 wights
  14 killer bees
  3 howler monkeys (D:7)
  A gnoll shaman (D:6)
  2 jellies
  7 orc priests
  7 hounds
  4 orc wizards
  4 iguanas
  22 gnolls
  11 adders
  3 white imps
  An ufetubus (D:5)
  A worm (D:5)
  5 dart slugs
  35 orcs
  4 endoplasms
  5 giant cockroaches
  9 goblins
  4 hobgoblins
  3 jackals (D:3)
  5 quokkas
  10 ball pythons
  7 bats
  10 frilled lizards
  14 kobolds
  A kobold skeleton (D:3)
  3 rats
248 creatures vanquished.

Vanquished Creatures (others)
  10 plants (D:3)
10 creatures vanquished.

Grand Total: 258 creatures vanquished

Notes
Turn   | Place    | Note
-------+----------+-------------------------------------------
     0 | D:1      | zazu2006 the Naga Hedge Wizard began the quest for the Orb.
     0 | D:1      | Reached XP level 1. HP: 15/15 MP: 4/4
   211 | D:1      | Reached XP level 2. HP: 14/22 MP: 0/6
   617 | D:1      | Reached XP level 3. HP: 28/28 MP: 5/8
   623 | D:1      | Learned a level 3 spell: Mephitic Cloud
   627 | D:1      | Learned a level 3 spell: Conjure Flame
   630 | D:1      | Learned a level 2 spell: Blink
   973 | D:2      | Reached skill level 4 in Stealth
  1153 | D:2      | Reached XP level 4. HP: 36/36 MP: 5/9
  2371 | D:3      | Noticed Pargi
  2386 | D:3      | Killed Pargi
  2387 | D:3      | Reached XP level 5. HP: 32/42 MP: 5/11
  2704 | D:3      | Found Caeffagh's Antique Armour Boutique.
  3076 | D:3      | Found a runed translucent door.
  3077 | D:3      | Noticed a human
  3078 | D:3      | Found a basalt altar of Yredelemnul.
  3080 | D:3      | Identified the +1 robe of the Shining Light {Will+ rCorr}
  3702 | D:4      | Identified the ring of the Mantidfly {rC++ Str-4 Int+6}
  3770 | D:4      | Reached XP level 6. HP: 49/49 MP: 13/13
  3856 | D:4      | Reached skill level 5 in Spellcasting
  4275 | D:4      | Reached skill level 5 in Stealth
  4275 | D:4      | Reached XP level 7. HP: 34/55 MP: 15/15
  4919 | D:3      | Killed a human
  4920 | D:3      | Reached skill level 1 in Air Magic
  4920 | D:3      | Reached skill level 1 in Poison Magic
  4942 | D:5      | Entered Level 5 of the Dungeon
  5311 | D:5      | Reached skill level 1 in Fighting
  5314 | D:5      | Reached XP level 8. HP: 38/64 MP: 17/17
  5604 | D:5      | Identified the ring of Cuakhec {rF- Str+8 Int+6 Dex+4
                  | Stlth-}
  5940 | D:5      | Reached skill level 6 in Stealth
  6483 | D:6      | Reached skill level 7 in Stealth
  6541 | D:6      | Found a staircase to the Ecumenical Temple.
  6554 | Temple   | Entered the Ecumenical Temple
  7163 | D:6      | Reached skill level 5 in Conjurations
  7163 | D:6      | Reached XP level 9. HP: 74/74 MP: 18/18
  7907 | D:6      | Found Ajeip's General Store.
  7913 | D:6      | Bought a potion of curing for 39 gold pieces
  8375 | D:6      | Reached skill level 8 in Stealth
  9006 | D:7      | Reached skill level 1 in Evocations
 10655 | D:8      | Noticed a komodo dragon
 10853 | D:8      | Noticed Grum
 10867 | D:8      | Reached skill level 9 in Stealth
 10867 | D:8      | Reached XP level 10. HP: 69/87 MP: 20/21
 10875 | D:8      | Killed Grum
 11066 | D:8      | Reached skill level 5 in Dodging
 11066 | D:8      | Reached skill level 10 in Stealth
 11412 | D:8      | Found a radiant altar of Vehumet.
 11636 | D:8      | Became a worshipper of Vehumet
 12048 | D:9      | Noticed a two-headed ogre
 12069 | D:9      | Killed a two-headed ogre
 12072 | D:9      | Reached skill level 11 in Stealth
 12172 | D:9      | Found a staircase to the Lair.
 12318 | D:9      | Paralysed by a hornet for 3 turns
 12356 | D:9      | Reached skill level 1 in Fire Magic
 12526 | D:9      | Reached XP level 11. HP: 93/93 MP: 23/23
 12535 | D:9      | Noticed a two-headed ogre
 12549 | D:9      | Killed a two-headed ogre
 12609 | D:9      | Noticed a deep elf pyromancer
 12609 | D:9      | Noticed a boulder beetle
 12610 | D:9      | Noticed a purple ugly thing
 12610 | D:9      | Noticed a centaur warrior
 12828 | D:9      | Noticed Maggie
 12879 | D:9      | HP: 1/120 [Maggie/+5 scimitar of venom (13)]
 12880 | D:9      | Slain by Maggie

Illustrated notes

Levels and vault maps discovered:
D:1:      scummos_arrival_simple_fountains, layout_rooms, minmay_tetromino_t2
D:2:      minmay_diamond_boxcup, layout_loops_cross
D:3:      layout_basic, dk_yredelemnul_ordeal, serial_shops, shop,
          minmay_lizard_king, uniq_pargi
D:4:      layout_loops_corners
D:5:      layout_loops_ring
D:6:      layout_layer_cave, minmay_temple_entry_tees, serial_shops, shop,
          kennysheep_nub
D:7:      layout_rooms, minivault_19
D:8:      layout_cave_pods, nicolae_vehumet_altar_sigil, st_stairs_11, uniq_grum
D:9:      minmay_the_grid_triangle_9x9_rhombus_full
          [minmay_the_grid_triangle_9x9_alien,
          minmay_the_grid_triangle_9x9_swiss_cheese,
          minmay_the_grid_triangle_9x9_odd_lines,
          minmay_the_grid_triangle_9x9_sprig,
          minmay_the_grid_triangle_9x9_longest,
          minmay_the_grid_triangle_9x9_impossible_snake,
          minmay_the_grid_triangle_9x9_skeleton,
          minmay_the_grid_triangle_9x9_prize_center], layout_basic, uniq_maggie
Temple:   mainiacjoe_temple_bowtie_tessellation

Skill      XL: |  1  2  3  4  5  6  7  8  9 10 |
---------------+-------------------------------+-----
Stealth        | 4 5 7 9 11 | 11.8
Dodging        | 2 4 5 |  5.5
Spellcasting   | 4 5 6 7 8 |  8.6
Conjurations   | 2 3 4 5 7 |  7.4
Air Magic      | 1 2 3 |  3.8
Poison Magic   | 1 2 3 4 |  4.4
Fighting       | 1 2 4 |  4.9
Evocations     | 1 |  1.4
Fire Magic     | 1 |  1.3
Summonings     | |  1.0
Translocations | |  1.2

Action                   |  1- 3 |  4- 6 |  7- 9 | 10-12 || total
-------------------------+-------+-------+-------+-------++-------
Melee: Dagger            |     5 |    37 |   290 |   131 ||   463
       Punch             |       |     1 |     4 |     5 ||    10
 Cast: Magic Dart        |    73 |   113 |   149 |    74 ||   409
       Mephitic Cloud    |       |     5 |    29 |    20 ||    54
       Blink             |       |       |     4 |     1 ||     5
       Conjure Flame     |       |       |     1 |     8 ||     9
 Abil: Spit Poison       |    13 |    20 |     7 |     9 ||    49
Evoke: Wand              |       |       |    18 |     4 ||    22
  Use: Scroll            |       |       |     6 |     1 ||     7
       Potion            |       |       |       |     5 ||     5
 Stab: Sleeping          |       |     2 |     9 |     6 ||    17
       Confused          |       |     2 |    21 |    17 ||    40
       Distracted        |       |       |       |     1 ||     1
Armor: Robe              |     7 |    13 |   141 |    43 ||   204
       Skin              |       |       |       |     1 ||     1
Dodge: Dodged            |    11 |    35 |   177 |    55 ||   278

Table legend: (Time is in decaauts)
 A = Elapsed time spent in this place.
 B = Non-inter-level travel time spent in this place.
 C = Inter-level travel time spent in this place.
 D = Time resting spent in this place.
 E = Time spent auto-exploring this place.
 F = Levels seen in this place.
 G = Mean time per level.
                   A        B        C        D        E       F      G
               +--------+--------+--------+--------+--------+-----+--------+
         Total |  15541 |  15096 |    445 |   1360 |  11062 |  10 | 1554.1 |
       Dungeon |  15193 |  14783 |    410 |   1360 |  10773 |   9 | 1688.1 |
        Temple |    347 |    313 |     34 |      0 |    289 |   1 |  347.0 |
               +--------+--------+--------+--------+--------+-----+--------+

Top non-repeatable levels by time:
     D:6: 2835 daAuts
     D:7: 1973 daAuts
     D:4: 1696 daAuts
     D:3: 1657 daAuts
     D:2: 1636 daAuts
     D:5: 1510 daAuts
     D:9: 1403 daAuts
     D:8: 1352 daAuts
     D:1: 1127 daAuts
  Temple: 347 daAuts
